Map: Prion Terraces

Players

Happy

  • Race: Terran Terran
  • League: Grandmaster

hydra - Winner!

  • Race: Zerg Zerg
  • League: Master

Event: 2016 WCS Winter Circuit Championship

VOD

Have the link to the VOD?

Description

Time

  • Played on: March 2, 2016, 3:56 p.m.
  • Length: 10:00

All games in this series

Show
View Real Time Build Order
Export as new Build Order

Happy Terran 

Build Orders: Reaper Expand, Bio Tank 

Get SALT Encoding   

  12  0:00  SCV  
  13  0:12  SCV  
  14  0:17  Supply Depot  
  14  0:25  SCV  
  15  0:38  SCV  
  15  0:40  Barracks  
  16  0:43  Refinery  
  16  0:50  SCV  
  17  1:03  SCV  
  18  1:15  SCV  
  19  1:27  Orbital Command, Reaper  
  20  1:40  Command Center  
  20  1:46  Refinery  
  20  1:52  SCV  
  21  1:56  Supply Depot  
  21  2:04  SCV  
  22  2:09  Factory  
  22  2:16  SCV  
  22  2:17  Barracks Reactor  
  23  2:29  SCV  
  24  2:53  Marine  
  24  2:54  Marine  
  24  2:56  Factory Tech Lab, Starport  
  26  2:59  SCV  
  27  3:05  Orbital Command  
  27  3:09  Bunker  
  27  3:11  Supply Depot, SCV  
  28  3:13  Marine  
  29  3:20  Siege Tank  
  29  3:25  SCV  
  33  3:33  SCV  
  34  3:35  Supply Depot  
  34  3:37  Medivac  
  34  3:38  SCV  
  37  3:52  Marine x2  
  37  3:53  SCV  
  40  4:01  SCV  
  41  4:04  Siege Tank  
  41  4:05  Supply Depot, SCV  
  41  4:07  Medivac  
  46  4:13  SCV  
  46  4:15  Marine x2  
  49  4:17  SCV  
  50  4:26  SCV, Command Center  
  51  4:31  Supply Depot  
  51  4:32  SCV  
  51  4:38  SCV  
  53  4:39  Starport Reactor  
  53  4:40  Siege Tank  
  53  4:44  SCV  
  57  4:45  Marine  
  57  4:46  Marine  
  57  4:50  SCV  
  60  4:54  Engineering Bay  
  60  4:56  Engineering Bay  
  60  4:59  SCV  
  61  5:03  SCV  
  61  5:06  Marine x2  
  64  5:12  SCV  
  64  5:13  Barracks x2  
  65  5:23  Terran Infantry Armor Level 1, Terran Infantry Weapons Level 1  
  65  5:25  SCV  
  65  5:26  SCV  
  65  5:28  Refinery  
  67  5:29  Refinery  
  67  5:33  Marine  
  68  5:37  SCV  
  68  5:38  Orbital Command, Missile Turret  
  68  5:39  SCV  
  70  5:43  Missile Turret  
  70  5:44  Missile Turret  
  70  5:50  Marine  
  70  5:52  SCV  
  70  5:55  SCV  
  73  5:57  Orbital Command  
  73  6:02  Marine  
  73  6:03  Barracks Tech Lab  
  73  6:04  SCV  
  76  6:05  Barracks Tech Lab  
  76  6:06  Missile Turret  
  76  6:07  SCV  
  76  6:11  Barracks  
  76  6:13  Marine  
  76  6:15  Barracks  
  76  6:16  SCV  
  78  6:18  Supply Depot  
  78  6:19  SCV  
  78  6:20  Marine  
  78  6:22  SCV  
  78  6:24  Supply Depot  
  81  6:27  Marine  
  81  6:28  SCV  
  81  6:29  Combat Shields, Stimpack  
  81  6:31  SCV  
  84  6:37  SCV  
  85  6:40  SCV, Factory Reactor, Factory  
  85  6:41  Marine  
  85  6:42  Marine x2  
  85  6:44  SCV  
  90  6:47  Supply Depot  
  90  6:49  SCV  
  90  6:54  SCV  
  89  6:55  Marine  
  89  6:58  Marine  
  89  6:59  Marine x2  
  89  7:00  Marine  
  89  7:06  Missile Turret, SCV  
  89  7:07  SCV  
  89  7:13  Marine  
  90  7:17  Marine x3  
  90  7:20  Missile Turret  
  94  7:24  Barracks Reactor x2  
  94  7:27  SCV  
  94  7:29  Barracks  
  93  7:30  Marine  
  93  7:35  Marine  
  84  7:37  Siege Tank  
  84  7:38  SCV x2  
  84  7:39  Factory Tech Lab  
  84  7:40  Refinery, SCV  
  84  7:41  Refinery  
  84  7:42  Medivac  
  84  7:43  Medivac  
  84  7:44  Marine x2  
  95  7:48  Marine  
  95  7:50  SCV  
  98  7:53  Marine  
  98  7:54  SCV, Armory  
  98  7:55  SCV  
  101  7:59  Siege Tank  
  101  8:00  Supply Depot  
  101  8:03  Marine x2  
  101  8:04  Marauder  
  101  8:05  SCV  
  109  8:10  Supply Depot, SCV  
  109  8:12  Medivac  
  112  8:16  Supply Depot  
  112  8:19  Siege Tank  
  115  8:20  Marine  
  115  8:21  Marine  
  115  8:25  Marine  
  115  8:26  Supply Depot  
  119  8:31  Marine  
  119  8:32  Siege Tank  
  119  8:33  Marine  
  119  8:34  Marauder  
  125  8:40  Supply Depot  
  125  8:41  Marine x2  
  125  8:43  Supply Depot x2  
  125  8:47  Marine x2  
  125  8:48  Marauder  
  130  8:49  Missile Turret  
  70  9:10  Marine x2  
  70  9:11  Marauder x2, Marine  
  70  9:12  Marine x2  
  70  9:14  SCV  
  70  9:16  Marine x3  
  77  9:18  Siege Tank  
  77  9:23  SCV  
  68  9:28  Marine  
  68  9:29  Marine x2  
  64  9:32  Marauder  
  64  9:33  Marauder  
Show
View Real Time Build Order
Export as new Build Order

hydra Zerg - Winner!

Build Orders: Pool First 

Get SALT Encoding   

  12  0:00  Drone  
  13  0:12  Overlord  
  13  0:16  Drone  
  14  0:30  Drone x2  
  14  0:34  Drone  
  17  0:44  Extractor  
  17  0:47  Spawning Pool  
  17  0:48  Drone  
  16  0:55  Drone  
  17  1:06  Drone  
  18  1:17  Hatchery  
  17  1:20  Drone  
  18  1:34  Queen  
  18  1:35  Zergling x2  
  21  1:40  Drone  
  21  1:45  Metabolic Boost  
  22  1:52  Overlord  
  22  2:09  Queen  
  22  2:11  Drone  
  22  2:12  Drone  
  26  2:22  Drone  
  27  2:29  Drone, Queen  
  30  2:35  Overlord  
  30  2:40  Drone  
  30  2:41  Drone  
  32  2:46  Pneumatized Carapace  
  32  2:49  Drone  
  33  2:52  Drone  
  33  2:54  Drone  
  33  2:56  Drone  
  35  3:01  Drone  
  35  3:02  Drone  
  37  3:12  Zergling x2  
  38  3:17  Overlord  
  38  3:19  Drone x3  
  41  3:23  Overlord  
  41  3:34  Drone  
  41  3:38  Drone  
  41  3:41  Lair  
  43  3:44  Extractor  
  43  3:45  Zergling x8  
  47  3:51  Drone  
  46  3:55  Extractor  
  46  3:56  Drone, Evolution Chamber  
  46  3:57  Extractor  
  46  3:58  Drone  
  46  4:00  Zergling x6  
  48  4:08  Drone  
  49  4:11  Drone  
  49  4:13  Hatchery  
  49  4:17  Extractor  
  49  4:19  Drone  
  49  4:22  Zerg Ground Armor Level 1  
  49  4:23  Drone  
  49  4:24  Drone x3  
  51  4:28  Drone  
  51  4:30  Drone x2  
  56  4:32  Drone  
  56  4:34  Roach Warren  
  55  4:48  Spire  
  55  4:49  Drone x3  
  57  4:54  Zergling x2  
  57  4:55  Zergling x2  
  59  5:00  Drone  
  59  5:02  Overlord x3  
  59  5:06  Overseer  
  60  5:12  Overlord  
  60  5:19  Glial Reconstitution  
  59  5:21  Zergling x4  
  59  5:22  Zergling x2  
  62  5:32  Drone x5  
  62  5:33  Drone  
  62  5:34  Overlord x2  
  68  5:39  Queen  
  68  5:40  Drone  
  68  5:41  Overlord  
  71  5:47  Drone  
  72  5:56  Drone  
  73  6:00  Mutalisk x3  
  73  6:01  Mutalisk x3  
  85  6:04  Drone  
  85  6:05  Drone  
  85  6:06  Drone, Evolution Chamber, Extractor  
  85  6:07  Extractor, Drone x2  
  85  6:08  Drone x2  
  85  6:11  Overlord  
  89  6:17  Hatchery  
  89  6:18  Zerg Missile Weapons Level 1  
  87  6:27  Drone  
  87  6:28  Drone  
  87  6:29  Drone  
  87  6:31  Zerg Ground Armor Level 2  
  87  6:32  Roach x4  
  98  6:39  Roach x2  
  104  6:40  Roach  
  104  6:46  Overlord  
  104  6:58  Drone x8  
  104  6:59  Drone x2  
  114  7:01  Overlord  
  114  7:02  Overlord  
  112  7:09  Roach x5  
  112  7:10  Ravager x5  
  112  7:13  Ravager  
  128  7:16  Roach  
  128  7:20  Roach x3  
  135  7:35  Roach x4  
  135  7:36  Roach x6  
  149  7:37  Queen  
  149  7:41  Drone  
  149  7:42  Drone  
  153  7:46  Roach x3  
  153  7:47  Overlord x2  
  159  7:51  Overlord  
  159  7:57  Spore Crawler  
  158  7:59  Overlord x2  
  158  8:08  Roach x7  
  158  8:12  Roach x6  
  184  8:19  Extractor, Ravager x4  
  187  8:20  Extractor  
  187  8:21  Zergling x6  
  187  8:24  Ravager  
  189  8:27  Zergling x2  
  189  8:28  Spore Crawler, Zergling x4  
  189  8:30  Ravager  
  189  8:33  Zergling x10  
  195  8:47  Roach  
  195  8:48  Roach  
  184  9:02  Roach x8  
  174  9:12  Roach x9  
  174  9:13  Roach  
  184  9:21  Roach x7  
  188  9:30  Roach x2  
  188  9:31  Roach  
  183  9:37  Roach x4  
Tags
 
Add a new tag
Caveats
  • Supply blocks, unpowered buildings, or Contaminate may cause inaccurate times.
  • Supply counts are checked every 10 seconds.